 Dungeon Crawl Stone Soup version 0.29.1-1-gd02db6906a (webtiles) character file.

Game seed: 10553056213487832549

292 Godmorgon the Magician (level 6, -1/44 HPs)
             Began as a Djinni Ice Elementalist on Oct 1, 2022.
             Slain by a gnoll
             ... wielding a +0 flail
             ... led by a gnoll bouda
              (3 damage)
             ... on level 4 of the Dungeon.
             The game lasted 00:22:43 (4046 turns).

Godmorgon the Magician (Djinni Ice Elementalist)    Turns: 4046, Time: 00:22:44

Health: -1/44      AC:  5    Str:  7    XL:     6   Next: 59%
Gold:   188        EV: 12    Int: 18    God:
                   SH:  0    Dex: 14

rFire   + + .      SeeInvis .   a - +4 dagger
rCold   x . .      Faith    .   (no shield)
rNeg    . . .      Spirit   .   j - +1 leather armour
rPois   ∞          Reflect  .   m - +0 helmet
rElec   .          Harm     .   (no cloak)
rCorr   .          Rampage  .   (no gloves)
Will    .....                   (boots unavailable)
Stlth   ++........              s - amulet of regeneration
HPRegen 0.94/turn               v - ring of wizardry
MPRegen 0.00/turn               (no ring)

@: flying
A: sickness immunity, fire resistance 2, cold vulnerability 1, float, innate
caster, HP casting, extra vitality 1
a: no special abilities


You were on level 4 of the Dungeon.
You visited 1 branch of the dungeon, and saw 4 of its levels.

You collected 188 gold pieces.

Inventory:

Hand Weapons
 a - a +4 dagger (weapon)
Missiles
 g - 9 poisoned darts (quivered)
 q - 2 throwing nets
Armour
 j - a +1 leather armour (worn)
 m - a +0 helmet (worn)
Jewellery
 n - an amulet of the acrobat
 s - an amulet of regeneration (around neck)
 v - a ring of wizardry (left hand)
Scrolls
 b - a scroll of enchant armour
 d - a scroll of brand weapon {unknown}
 e - a scroll of butterflies {unknown}
 f - 3 scrolls of identify {unknown}
 h - a scroll of enchant weapon {unknown}
 p - a scroll of immolation {unknown}
Potions
 c - a potion of mutation {unknown}
 i - a potion of haste
 k - a potion of resistance {unknown}
 l - a potion of brilliance {unknown}
 o - a potion of invisibility {unknown}
 r - a potion of berserk rage {unknown}
 t - 3 potions of flight
 u - a potion of curing {unknown}


   Skills:
 + Level 2.3 Fighting
 + Level 4.0 Dodging
 - Level 2.1 Stealth
 * Level 4.6 Spellcasting


You couldn't memorise any spells.
You knew the following spells:

 Your Spells              Type           Power      Damage    Failure   Level
a - Ozocubu's Armour      Ice            20%        N/A       4%          3
f - Freeze                Ice            80%        1d9       1%          1
h - Hailstorm             Conj/Ice       20%        3d6       12%         4
p - Poisonous Vapours     Pois/Air       40%        N/A       1%          2
r - Frozen Ramparts       Ice            40%        1d7       4%          3
s - Slow                  Hex            80%        N/A       1%          1
Your spell library was empty.

Dungeon Overview and Level Annotations

Branches:
Dungeon (4/15)
 Temple: D:4-7

Altars:


Innate Abilities, Weirdness & Mutations

You are immune to sickness and miasma.
You are immune to poison.
Your flesh is very heat resistant. (rF++)
You are vulnerable to cold. (rC-)
You float through the air rather than walking.
You learn spells naturally, not from books.
Your magical power is your life essence.
You have superior vitality. (+4 MHP)


Message History

Unknown command.
Casting: Poisonous Vapours (safe; 1% risk of failure)
Confirm with . or Enter, or press ? or * to list all spells.
Aiming: Poisonous Vapours (safe; 1% risk of failure)
Press: ? - help, Dir - move target, f - gnoll, p - adder
Aim: a gnoll, wielding a +0 whip (covering ground quickly) Poisonous vapours surround the gnoll!
The gnoll is poisoned.
The gnoll hits you with a +0 flail! The adder bites you but does no damage.
The gnoll bouda gazes fiercely through you!
You feel your attacks grow feeble.
The gnoll bouda hits you with a +0 club.
Okay, then.
Okay, then.
Unknown command.
You struggle against the net.
The gnoll hits you with a +0 flail. The adder bites you.
The gnoll barely misses you.
The gnoll bouda mumbles some strange prayers to its god.
The gnoll bouda is healed somewhat.
You shred the net and break free! The adder closely misses you.
The gnoll hits you with a +0 flail. The gnoll hits you with a +0 whip.
* * * LOW HITPOINT WARNING * * *
The gnoll bouda barely misses you.
It was a potion of flight.
You feel more buoyant.
The gnoll is no longer moving quickly.
The adder bites you.
* * * LOW HITPOINT WARNING * * *
The gnoll misses you. The gnoll hits you with a +0 whip!
* * * LOW HITPOINT WARNING * * *
The adder bites you.
* * * LOW HITPOINT WARNING * * *
The gnoll bouda calls upon its god to heal the gnoll.
The gnoll's wounds heal themselves!
Okay, then.
Okay, then.
As you read the scroll labelled PIOPTA TIWIWK, it crumbles to dust.
It is a scroll of enchant armour.
Your +0 leather armour glows green for a moment.
Your attacks no longer feel as feeble.
The gnoll hits you with a +0 flail.
You die...

g...........#
............#
............
...........#
....#....#
......#
#....# #.gS.#
##.g@##
#..g.#
##...##
#....#
###..).#
###.....##
#........#
#........#
#........##


You could see a gnoll bouda (poisoned), 2 gnolls and an adder (poisoned).

Vanquished Creatures
  An ogre (D:4)
  A hound (D:3)
  Robin (D:1)
  3 adders
  7 gnolls
  2 worms
  2 dart slugs
  An orc (D:4)
  4 endoplasms
  A giant cockroach (D:1)
  7 hobgoblins
  5 quokkas
  4 ball pythons
  5 bats
  2 frilled lizards
  12 goblins
  3 kobolds
  4 rats
65 creatures vanquished.

Notes
Turn   | Place    | Note
-------+----------+-------------------------------------------
     0 | D:1      | Godmorgon the Djinni Ice Elementalist began the quest for
                  | the Orb.
     0 | D:1      | Godmorgon set off with the following spells memorised:
                  | Freeze, Frozen Ramparts, Ozocubu's Armour, Hailstorm.
     0 | D:1      | Reached XP level 1. HP: 15/15 MP: 0/0
    99 | D:1      | Found a faded altar of an unknown god.
   600 | D:1      | Reached XP level 2. HP: 20/21 MP: 0/0
  1260 | D:1      | Reached XP level 3. HP: 19/25 MP: 0/0
  1260 | D:1      | Learned a level 1 spell: Slow
  1630 | D:2      | Noticed Robin
  1868 | D:1      | Killed Robin
  2001 | D:2      | Reached XP level 4. HP: 27/31 MP: 0/0
  2230 | D:2      | Reached skill level 1 in Fighting
  2933 | D:2      | Reached XP level 5. HP: 29/37 MP: 0/0
  2933 | D:2      | Learned a level 2 spell: Poisonous Vapours
  3794 | D:3      | Reached XP level 6. HP: 42/43 MP: 0/0
  3933 | D:4      | Noticed an ogre
  3939 | D:4      | Killed an ogre
  4045 | D:4      | HP: 2/44 [gnoll/+0 whip[a gnoll bouda] (8)]
  4046 | D:4      | Slain by a gnoll

Illustrated notes

Levels and vault maps discovered:
D:1:      heliophobic_arrival_enchanted_forest, layout_basic,
          hellmonk_ecumenical_altar_run_dry
D:2:      layout_loops_ring, minmay_misc_feat_plants,
          chequers_serial_rivers_room_a, uniq_robin
D:3:      layout_basic
D:4:      layout_cave_pods, mainiacjoe_overflow_24_doors

Skill      XL: |  1  2  3  4  5  6 |
---------------+-------------------+-----
Stealth        | 2 |  2.1
Dodging        | 3 4 |  4.0
Fighting       | 1 2 |  2.3
Spellcasting   | 4 |  4.6

Action                   |  1- 3 |  4- 6 || total
-------------------------+-------+-------++-------
Melee: Unarmed           |     3 |       ||     3
       Short sword       |     1 |     9 ||    10
       Dagger            |       |    12 ||    12
Throw: Dart              |     3 |    13 ||    16
       Stone             |       |     2 ||     2
 Cast: Freeze            |    43 |    57 ||   100
       Slow              |     3 |     5 ||     8
       Poisonous Vapours |       |    43 ||    43
  Use: Scroll            |       |     1 ||     1
       Potion            |       |     1 ||     1
Armor: Robe              |     1 |       ||     1
       Leather armour    |     3 |    17 ||    20
Dodge: Dodged            |    25 |    35 ||    60
